 Dungeon Crawl Stone Soup version 0.30.0-20-g3615ddf2f0 (webtiles) character file.

Game seed: 13846939111663391890

749 qw the Chopper (level 7, -5/43 HPs)
             Began as a Gargoyle Fighter on June 1, 2023.
             Slain by a yak (11 damage)
             ... on level 4 of the Dungeon.
             The game lasted 00:01:20 (2472 turns).

qw the Chopper (Gargoyle Fighter)                   Turns: 2472, Time: 00:01:21

Health: -5/43      AC: 13    Str: 28    XL:     7   Next: 78%
Magic:  7/7        EV:  9    Int:  8    God:
Gold:   156        SH:  4    Dex:  9    Spells: 6/6 levels left

rFire   + . .        Y - +1 war axe
rCold   + . .        c - +0 buckler
rNeg    + . .        j - +0 chain mail
rPois   inf          (no helmet)
rElec   +            n - scarf {rC+ rF+}
rCorr   .            (no gloves)
SInv    .            (no boots)
Will    .....        g - amulet of regeneration Stlth
                     q - +6 ring of strength
HPRegen 1.07/turn    (no ring)
MPRegen 0.10/turn

%: no passive effects
@: no status effects
A: sickness immunity, AC +4, negative energy resistance 1, electricity
resistance, torment resistance 1, petrification resistance
a: no special abilities


You were on level 4 of the Dungeon.
You visited 1 branch of the dungeon, and saw 4 of its levels.

You collected 156 gold pieces.


Innate Abilities, Weirdness & Mutations

You are immune to sickness and miasma.
Your stone body is resilient. (AC +4)
You are immune to poison.
You resist negative energy. (rN+)
You are resistant to electric shocks. (rElec)
You are resistant to unholy torment.
You are immune to petrification.


   Skills:
 + Level 4.2 Fighting
 - Level 7.1 Axes
 - Level 3.2 Armour
 - Level 1.7 Dodging
 - Level 3.2 Shields


You had 6 spell levels left.
You didn't know any spells.
Your spell library was empty.

Inventory:

Hand Weapons
 m - a +1 whip of electrocution
 Y - a +1 war axe (weapon)
Missiles
 h - 2 boomerangs (quivered)
Armour
 c - a +0 buckler (worn)
 j - a +0 chain mail (worn)
 n - a scarf of resistance (worn)
Jewellery
 g - an amulet of regeneration (around neck)
 q - a +6 ring of strength (left hand)
Scrolls
 a - a scroll of identify
Potions
 b - a potion of magic {unknown}
 d - 2 potions of might
 e - a potion of resistance
 f - a potion of flight {unknown}
 i - a potion of mutation {unknown}
 k - 2 potions of haste {unknown}
 l - a potion of degeneration {unknown}

Dungeon Overview and Level Annotations

Branches:
Dungeon (4/15)
 Temple: D:4-7

Altars:

Annotations:
D:3 2 transporters


Message History

You hit the yak.
The yak is lightly wounded.
You block the yak's attack.
You hit the yak.
The yak is lightly wounded.
The yak gores you but does no damage.
You barely miss the yak.
The yak is lightly wounded.
The yak gores you.
You barely miss the yak.
The yak is lightly wounded.
The yak gores you.
You hit the yak.
The yak is lightly wounded.
The yak gores you! x2
You slash the yak!
The yak is heavily wounded.
You block the yak's attack.
You hit the yak.
The yak is heavily wounded.
The yak gores you!
You hit the yak but do no damage.
The yak is heavily wounded.
The yak gores you but does no damage.
You slash the yak!
The yak is severely wounded.
You block the yak's attack. The yak closely misses you.
You hit the yak.
The yak is almost dead.
The yak gores you.
You slash the yak!
You kill the yak!
Your Axes skill increases to level 7!
You slash the yak!
The yak is heavily wounded.
The yak completely misses you.
You slash the yak!
The yak is severely wounded.
The yak gores you!
You die... ######S.. #YY.Y.YY.

#Y# #@#
#######
###.#####..
......#
#..........
#####.#
#.#.#####..
#.# #.#.#
#.########.#.#
#.......##.#..
#.#####.##.###
#.# #.##.#


You could see 3 yaks.

Vanquished Creatures
  2 yaks (D:4)
  An ogre (D:3)
  3 phantoms
  A howler monkey (D:3)
  6 adders
  A worm (D:2)
  3 dart slugs
  An orc (D:3)
  8 ball pythons
  6 bats
  10 endoplasms
  4 giant cockroaches
  3 goblins
  8 hobgoblins
  4 jackals
  A quokka (D:1)
  4 frilled lizards
  A kobold (D:3)
  4 rats
71 creatures vanquished.

Notes
Turn   | Place    | Note
-------+----------+-------------------------------------------
     0 | D:1      | qw the Gargoyle Fighter began the quest for the Orb.
     0 | D:1      | Reached XP level 1. HP: 14/14 MP: 1/1
     0 | D:1      | 0 ||| qw: Version: 0.2-a-102-gdf20003
     0 | D:1      | 0 ||| qw: Game counter: 747
     0 | D:1      | 0 ||| qw: Always use a shield: true
     0 | D:1      | 0 ||| qw: God list: Okawaru
     0 | D:1      | 0 ||| qw: Allow faded altars: false
     0 | D:1      | 0 ||| qw: Do Orc after D:15 true
     0 | D:1      | 0 ||| qw: Do second Lair branch before Depths: true
     0 | D:1      | 0 ||| qw: Lair rune preference: random
     0 | D:1      | 0 ||| qw: Plans: Normal, Zot:1-4, Slime:5, God:TSO, Crypt,
                  | Tomb, Pan, Hells, Abyss, Win
     0 | D:1      | 0 ||| PLANNING D:1-11
    85 | D:1      | Reached skill level 2 in Axes
   146 | D:1      | 146 ||| Stepping ~*~*~tactically~*~*~ (stealth).
   150 | D:1      | Reached XP level 2. HP: 19/19 MP: 2/2
   403 | D:1      | 403 ||| Stepping ~*~*~tactically~*~*~ (stealth).
   442 | D:1      | Reached skill level 3 in Axes
   469 | D:1      | Reached XP level 3. HP: 20/23 MP: 3/3
   899 | D:1      | 899 ||| UPGRADING to amulet of regeneration.
   904 | D:1      | 904 ||| DROPPING ring of magical power.
   905 | D:1      | 905 ||| READING scroll labelled XUMIRGH GAUDD.
  1031 | D:2      | 1031 ||| Stepping ~*~*~tactically~*~*~ (stealth).
  1103 | D:2      | Reached XP level 4. HP: 28/28 MP: 4/4
  1202 | D:2      | Reached skill level 4 in Axes
  1230 | D:2      | 1230 ||| DROPPING +0 club.
  1517 | D:2      | 1517 ||| UPGRADING to scarf of resistance.
  1522 | D:2      | 1522 ||| READING 2 scrolls labelled MEPROY LIANICS.
  1523 | D:2      | 1523 ||| READING scroll labelled QARRUU VOACUTO.
  1524 | D:2      | 1524 ||| READING scroll labelled JASCHEIMOKH.
  1529 | D:2      | 1529 ||| READING scroll labelled BUPLULEYTO.
  1534 | D:2      | 1534 ||| READING scroll labelled ZEINTO ISULUAM.
  1587 | D:3      | Noticed a phantom
  1596 | D:3      | Killed a phantom
  1597 | D:3      | Reached skill level 5 in Axes
  1597 | D:3      | Reached XP level 5. HP: 29/32 MP: 5/5
  1613 | D:3      | Identified the +6 spear "Zupireag" {heavy, Int+4}
  1665 | D:3      | Found a faded altar of an unknown god.
  1768 | D:3      | Found a transporter.
  1798 | D:3      | Found a transporter.
  2060 | D:3      | 2060 ||| DROPPING orb of energy.
  2061 | D:3      | 2061 ||| DROPPING +6 ring of intelligence.
  2062 | D:3      | 2062 ||| UPGRADING to +6 ring of strength.
  2063 | D:3      | 2063 ||| READING scroll labelled DUEDOCHA LIUGU.
  2064 | D:3      | 2064 ||| READING scroll labelled JIS GOUFEIPARA.
  2065 | D:3      | 2065 ||| READING scroll labelled ESTONEZOKA.
  2066 | D:3      | 2066 ||| READING 2 scrolls of identify.
  2066 | D:3      | 2066 ||| IDENTIFYING sedimented black potion
  2104 | D:4      | Noticed an ogre
  2105 | D:4      | 2105 ||| STAIRDANCE
  2105 | D:4      | Noticed a phantom
  2112 | D:3      | 2112 ||| UPGRADING to +0 chain mail.
  2122 | D:3      | 2122 ||| DROPPING +0 scale mail.
  2127 | D:4      | 2127 ||| STAIRDANCE
  2138 | D:3      | Reached XP level 6. HP: 29/38 MP: 6/6
  2158 | D:4      | 2158 ||| STAIRDANCE
  2160 | D:3      | HP: 3/38 [ogre/+0 giant club (11)]
  2164 | D:3      | Reached skill level 6 in Axes
  2241 | D:4      | 2241 ||| Stepping ~*~*~tactically~*~*~ (hiding).
  2312 | D:4      | 2312 ||| Stepping ~*~*~tactically~*~*~ (stealth).
  2336 | D:4      | Reached skill level 1 in Dodging
  2336 | D:4      | Reached XP level 7. HP: 43/43 MP: 7/7
  2439 | D:4      | Noticed a yak
  2439 | D:4      | Noticed a yak
  2439 | D:4      | Noticed a yak
  2439 | D:4      | Noticed a yak
  2440 | D:4      | 2440 ||| Stepping ~*~*~tactically~*~*~ (stealth).
  2441 | D:4      | Noticed a yak
  2443 | D:4      | 2443 ||| Stepping ~*~*~tactically~*~*~ (stealth).
  2458 | D:4      | Killed a yak
  2464 | D:4      | HP: 9/43 [yak (9)]
  2466 | D:4      | HP: 2/43 [yak (10)]
  2470 | D:4      | Killed a yak
  2471 | D:4      | Reached skill level 7 in Axes
  2472 | D:4      | Slain by a yak

Levels and vault maps discovered:
D:1:      eino_arrival_water_star, layout_basic
D:2:      layout_loops_cross
D:3:      gammafunk_wand_slinger, layout_rooms,
          chequers_ecumenical_altar_simple_redux
D:4:      layout_loops_corners

Skill      XL: |  1  2  3  4  5  6  7 |
---------------+----------------------+-----
Axes           | 2 3 5 6 7 |  7.1
Fighting       | 4 |  4.2
Dodging        | 1 |  1.7
Armour         | |  3.2
Shields        | |  3.2

Action                     |  1- 3 |  4- 6 |  7- 9 || total
---------------------------+-------+-------+-------++-------
  Melee: War axe           |    82 |   107 |    28 ||   217
  Throw: Boomerang         |    16 |    28 |     1 ||    45
    Use: Scroll            |     1 |     9 |       ||    10
 Armour: Scale mail        |    38 |    35 |       ||    73
         Chain mail        |       |    39 |     8 ||    47
  Dodge: Dodged            |    31 |    47 |     6 ||    84
  Block: Buckler           |    14 |    21 |     5 ||    40

Table legend:
 A = Non-vault XP
 B = Vault XP
 C = Vault XP percentage of total XP
 D = Non-vault monster count
 E = Vault monster count
 F = Vault count percentage of total count
                 A         B        C        D         E       F
            +---------+---------+-------+---------+---------+-------
      Total |    1071 |       0 |   0.0 |      71 |       0 |   0.0
            +---------+---------+-------+---------+---------+-------
        D:1 |      44 |       0 |   0.0 |      25 |       0 |   0.0
        D:2 |      68 |       0 |   0.0 |      17 |       0 |   0.0
        D:3 |     455 |       0 |   0.0 |      20 |       0 |   0.0
        D:4 |     504 |       0 |   0.0 |       9 |       0 |   0.0
            +---------+---------+-------+---------+---------+-------
